 Dungeon Crawl Stone Soup version 0.24-a0-411-g4df2b1290f (webtiles) character file.

Game seed: 4133347026434377076

5 levstk the Grasshopper (level 1, 0/19 HPs)
             Began as a Naga Warper on June 6, 2019.
             Slain by a dart slug (2 damage)
             ... on level 1 of the Dungeon.
             The game lasted 00:02:49 (162 turns).

levstk the Grasshopper (Naga Warper)                 Turns: 162, Time: 00:02:50

Health: 0/19       AC:  1    Str: 13    XL:     1   Next: 80%
Magic:  3/3        EV:  9    Int: 13    God:
Gold:   0          SH:  0    Dex: 10    Spells: 4/4 levels left

rFire    . . .     SeeInvis +   a - +0 hand axe
rCold    . . .     Gourm    .   (no shield)
rNeg     . . .     Faith    .   b - +0 leather armour
rPois    +         Spirit   .   (no helmet)
rElec    .         Reflect  .   (no cloak)
rCorr    .         Harm     .   (no gloves)
MR       .....                  (no barding)
Stlth    +.........             (no amulet)
HPRegen  0.06/turn              (no ring)
MPRegen  0.08/turn              (no ring)

@: short of breath, very slow
A: large, see invisible, deformed body, poison resistance, slowness 2, slow
metabolism 1, spit poison 1, AC +0
a: Spit Poison


You were on level 1 of the Dungeon.
You were not hungry.

You visited 1 branch of the dungeon, and saw 1 of its levels.

Inventory:

Hand Weapons
 a - a +0 hand axe (weapon)
Missiles
 f - 5 boomerangs of dispersal (quivered) {!f}
Armour
 b - a +0 leather armour (worn)
Scrolls
 c - a scroll of fear {unknown}
 d - a scroll of blinking
Comestibles
 e - a ration {!d}
 g - a chunk of flesh


   Skills:
 + Level 2.1 Fighting
 * Level 2.2 Axes
 - Level 0.8 Throwing
 - Level 0.7 Armour
 - Level 1.5 Dodging
 + Level 0.7 Stealth
 + Level 2.0 Spellcasting
   Level 3.0 Translocations


You had 4 spell levels left.
You didn't know any spells.
Your spell library contained the following spells:

 Spells                   Type           Power        Failure   Level  Hunger
 Blink                    Tloc           N/A          14%         2    ###....
 Shroud of Golubria       Chrm/Tloc      #.....       26%         2    ###....
 Gell's Gravitas          Tloc           #.........   28%         3    ####...
 Lesser Beckoning         Tloc           #.........   28%         3    ####...
 Teleport Other           Tloc           #.......     28%         3    ####...
 Passage of Golubria      Tloc           N/A          67%         4    #####..


Dungeon Overview and Level Annotations

Branches:
Dungeon (1/15)

Altars:


Innate Abilities, Weirdness & Mutations

You cannot wear boots.
Your serpentine skin is tough. (AC +0)
You have supernaturally acute eyesight. (SInv)
Armour fits poorly on your strangely shaped body.
Your system is resistant to poisons. (rPois)
You cover ground very slowly.
You have a slow metabolism.
You can spit poison.


Message History

A bat and a giant cockroach come into view.
The bat hits you but does no damage.
You closely miss the bat. The bat hits you but does no damage.
A giant cockroach and a dart slug come into view.
The bat misses you.
Found 27 stones.
You hit the giant cockroach but do no damage.
The giant cockroach bites you but does no damage.
The bat barely misses you. The giant cockroach closely misses you.
You hit the bat.
You kill the bat!
You hit the giant cockroach. The giant cockroach bites you.
You barely miss the giant cockroach. The giant cockroach barely misses you.
You barely miss the giant cockroach. You barely miss the rat.
The giant cockroach bites you. The rat bites you.
The giant cockroach closely misses you.
You closely miss the giant cockroach. You closely miss the rat.
You hit the giant cockroach but do no damage.
The rat bites you. The giant cockroach barely misses you.
The giant cockroach bites you. The rat bites you but does no damage.
You hit the giant cockroach. You hit the rat.
You kill the rat!
You barely miss the giant cockroach. The giant cockroach bites you.
* * * LOW HITPOINT WARNING * * *
The giant cockroach closely misses you. The giant cockroach barely misses you.
The giant cockroach closely misses you.
The giant cockroach completely misses you.
You are too injured to fight recklessly!
You are too injured to fight recklessly!
You closely miss the giant cockroach. x2; The giant cockroach bites you.
* * * LOW HITPOINT WARNING * * *
The giant cockroach barely misses you. The giant cockroach closely misses you.
The giant cockroach misses you.
Aim: a dart slug The splash of poison hits the giant cockroach but does no damage.
The giant cockroach is poisoned.
You feel slightly more hungry.
The giant cockroach bites you but does no damage.
The giant cockroach closely misses you.
You are too injured to fight recklessly!
You are too injured to fight recklessly!
You hit the giant cockroach.
You kill the giant cockroach!
You completely miss the giant cockroach.
The giant cockroach barely misses you. The dart slug launches a dart at you.
The slug dart hits you.
* * * LOW HITPOINT WARNING * * *
You kill the giant cockroach!
The dart slug bites you.
You die...

########### #.........#
## #.........#
.############....†?...#
..........÷.....@w....#
#############...........
#.....b..###
.$........#.(
#.#......##.##
#..#####..#!#.. ...
..#[#.. ##. ..##%#


You could see a dart slug and a bat.

Vanquished Creatures
  2 giant cockroaches (D:1)
  A bat (D:1)
  A frilled lizard (D:1)
  2 rats (D:1)
6 creatures vanquished.

Notes
Turn   | Place    | Note
-------+----------+-------------------------------------------
     0 | D:1      | levstk the Naga Warper began the quest for the Orb.
     0 | D:1      | Reached XP level 1. HP: 19/19 MP: 3/3
   162 | D:1      | Slain by a dart slug

Levels and vault maps discovered:
D:1:      lightli_molten_gateway, layout_rooms, minmay_hexomino_c4

Action                   || total
-------------------------++-------
Melee: Hand axe          ||    12
 Abil: Spit Poison       ||     2
Armor: Leather armour    ||     5
Dodge: Dodged            ||    15

Table legend:
 A = Non-vault XP
 B = Vault XP
 C = Vault XP percentage of total XP
 D = Non-vault monster count
 E = Vault monster count
 F = Vault count percentage of total count
                 A         B        C        D         E       F
            +---------+---------+-------+---------+---------+-------
      Total |       2 |       6 |  75.0 |       2 |       4 |  66.7
            +---------+---------+-------+---------+---------+-------
        D:1 |       2 |       6 |  75.0 |       2 |       4 |  66.7
            +---------+---------+-------+---------+---------+-------
